Workbook

Sheet Datos Viviendas Casa47
C1: PROVINCIA | D1: MUNICIPIO | E1: SUPERFICIE | F1: Nº DORMITORIOS | G1: Nº PLAZAS DE GARAGE | H1: Nº TRASTEROS | I1: RENTA MENSUAL | J1: Nº DE PERSONAS ADMISIBLE | K1: INGRESOS NETOS MINIMOS ANUALES | L1: INGRESOS NETOS MAXIMOS ANUALES | M1: INGRESOS NETOS MINIMOS MENSUALES | N1: INGRESOS NETOS MAXIMOS MENSUALES | O1: TASA DE ESFUERZO POR INGRESOS NETOS MINIMOS | P1: TASA DE ESFUERZO POR INGRESOS NETOS MÁXIMOS | Q1: SUMINISTROS ESTIMADOS €/MES | R1: RENTA + SUMINISTROS | S1: ESFUERZO MÍNIMO SOBRE RENTA+SUMINISTROS | T1: ESFUERZO MÁXIMO SOBRE RENTA+SUMINISTROS
C2: CASTELLÓN | D2: Benicarló | E2: 84 | F2: 3 | G2: 2 | H2: 0 | I2: 396 | J2: 2 o más personas | K2: 15840 | L2: 31680 | M2: =K2/12 -> 1320 | N2: =L2/12 -> 2640 | O2: =I2/M2 -> 0.3 | P2: =I2/N2 -> 0.15 | Q2: =IF(OR(E2="",F2=""),"",ROUND((Supuestos!$B$2+Supuestos!$B$3)*(Supuestos!$B$4+Supuestos!$B$5*E2/Supuestos!$B$6)*IFERROR(VLOOKUP(TRIM(C2),Supuestos!$A$17:$B$29,2,FALSE),IFERROR(VLOOKUP(TRIM(D2),Supuestos!$A$17:$B$29,2,FALSE),1))+Supuestos!$B$7*VLOOKUP(MIN(F2,4),Supuestos!$D$2:$E$5,2,TRUE)+Supuestos!$B$8,0)) -> 123 | R2: =Q2+I2 -> 519 | S2: =R2/M2 -> 0.39318182 | T2: =R2/N2 -> 0.19659091
C3: CASTELLÓN | D3: Benicarló | E3: 103 | F3: 3 | G3: 2 | H3: 0 | I3: 448 | J3: 2 o más personas | K3: 17920 | L3: 35840 | M3: =K3/12 -> 1493.3333 | N3: =L3/12 -> 2986.6667 | O3: =I3/M3 -> 0.3 | P3: =I3/N3 -> 0.15 | Q3: =IF(OR(E3="",F3=""),"",ROUND((Supuestos!$B$2+Supuestos!$B$3)*(Supuestos!$B$4+Supuestos!$B$5*E3/Supuestos!$B$6)*IFERROR(VLOOKUP(TRIM(C3),Supuestos!$A$17:$B$29,2,FALSE),IFERROR(VLOOKUP(TRIM(D3),Supuestos!$A$17:$B$29,2,FALSE),1))+Supuestos!$B$7*VLOOKUP(MIN(F3,4),Supuestos!$D$2:$E$5,2,TRUE)+Supuestos!$B$8,0)) -> 129 | R3: =Q3+I3 -> 577 | S3: =R3/M3 -> 0.38638393 | T3: =R3/N3 -> 0.19319196
C4: CASTELLÓN | D4: Benicarló | E4: 78 | F4: 3 | G4: 2 | H4: 0 | I4: 386 | J4: 2 o más personas | K4: 15440 | L4: 30880 | M4: =K4/12 -> 1286.6667 | N4: =L4/12 -> 2573.3333 | O4: =I4/M4 -> 0.3 | P4: =I4/N4 -> 0.15 | Q4: =IF(OR(E4="",F4=""),"",ROUND((Supuestos!$B$2+Supuestos!$B$3)*(Supuestos!$B$4+Supuestos!$B$5*E4/Supuestos!$B$6)*IFERROR(VLOOKUP(TRIM(C4),Supuestos!$A$17:$B$29,2,FALSE),IFERROR(VLOOKUP(TRIM(D4),Supuestos!$A$17:$B$29,2,FALSE),1))+Supuestos!$B$7*VLOOKUP(MIN(F4,4),Supuestos!$D$2:$E$5,2,TRUE)+Supuestos!$B$8,0)) -> 122 | R4: =Q4+I4 -> 508 | S4: =R4/M4 -> 0.39481865 | T4: =R4/N4 -> 0.19740933
C5: CASTELLÓN | D5: Benicarló | E5: 79 | F5: 3 | G5: 2 | H5: 0 | I5: 387 | J5: 2 o más personas | K5: 15480 | L5: 30960 | M5: =K5/12 -> 1290 | N5: =L5/12 -> 2580 | O5: =I5/M5 -> 0.3 | P5: =I5/N5 -> 0.15 | Q5: =IF(OR(E5="",F5=""),"",ROUND((Supuestos!$B$2+Supuestos!$B$3)*(Supuestos!$B$4+Supuestos!$B$5*E5/Supuestos!$B$6)*IFERROR(VLOOKUP(TRIM(C5),Supuestos!$A$17:$B$29,2,FALSE),IFERROR(VLOOKUP(TRIM(D5),Supuestos!$A$17:$B$29,2,FALSE),1))+Supuestos!$B$7*VLOOKUP(MIN(F5,4),Supuestos!$D$2:$E$5,2,TRUE)+Supuestos!$B$8,0)) -> 122 | R5: =Q5+I5 -> 509 | S5: =R5/M5 -> 0.39457364 | T5: =R5/N5 -> 0.19728682
C6: CASTELLÓN | D6: Benicarló | E6: 79 | F6: 3 | G6: 2 | H6: 0 | I6: 387 | J6: 2 o más personas | K6: 15480 | L6: 30960 | M6: =K6/12 -> 1290 | N6: =L6/12 -> 2580 | O6: =I6/M6 -> 0.3 | P6: =I6/N6 -> 0.15 | Q6: =IF(OR(E6="",F6=""),"",ROUND((Supuestos!$B$2+Supuestos!$B$3)*(Supuestos!$B$4+Supuestos!$B$5*E6/Supuestos!$B$6)*IFERROR(VLOOKUP(TRIM(C6),Supuestos!$A$17:$B$29,2,FALSE),IFERROR(VLOOKUP(TRIM(D6),Supuestos!$A$17:$B$29,2,FALSE),1))+Supuestos!$B$7*VLOOKUP(MIN(F6,4),Supuestos!$D$2:$E$5,2,TRUE)+Supuestos!$B$8,0)) -> 122 | R6: =Q6+I6 -> 509 | S6: =R6/M6 -> 0.39457364 | T6: =R6/N6 -> 0.19728682
C7: CASTELLÓN | D7: Benicarló | E7: 94 | F7: 3 | G7: 2 | H7: 0 | I7: 420 | J7: 2 o más personas | K7: 16800 | L7: 33600 | M7: =K7/12 -> 1400 | N7: =L7/12 -> 2800 | O7: =I7/M7 -> 0.3 | P7: =I7/N7 -> 0.15 | Q7: =IF(OR(E7="",F7=""),"",ROUND((Supuestos!$B$2+Supuestos!$B$3)*(Supuestos!$B$4+Supuestos!$B$5*E7/Supuestos!$B$6)*IFERROR(VLOOKUP(TRIM(C7),Supuestos!$A$17:$B$29,2,FALSE),IFERROR(VLOOKUP(TRIM(D7),Supuestos!$A$17:$B$29,2,FALSE),1))+Supuestos!$B$7*VLOOKUP(MIN(F7,4),Supuestos!$D$2:$E$5,2,TRUE)+Supuestos!$B$8,0)) -> 126 | R7: =Q7+I7 -> 546 | S7: =R7/M7 -> 0.39 | T7: =R7/N7 -> 0.195
C8: CASTELLÓN | D8: Benicarló | E8: 84 | F8: 3 | G8: 2 | H8: 0 | I8: 396 | J8: 2 o más personas | K8: 15840 | L8: 31680 | M8: =K8/12 -> 1320 | N8: =L8/12 -> 2640 | O8: =I8/M8 -> 0.3 | P8: =I8/N8 -> 0.15 | Q8: =IF(OR(E8="",F8=""),"",ROUND((Supuestos!$B$2+Supuestos!$B$3)*(Supuestos!$B$4+Supuestos!$B$5*E8/Supuestos!$B$6)*IFERROR(VLOOKUP(TRIM(C8),Supuestos!$A$17:$B$29,2,FALSE),IFERROR(VLOOKUP(TRIM(D8),Supuestos!$A$17:$B$29,2,FALSE),1))+Supuestos!$B$7*VLOOKUP(MIN(F8,4),Supuestos!$D$2:$E$5,2,TRUE)+Supuestos!$B$8,0)) -> 123 | R8: =Q8+I8 -> 519 | S8: =R8/M8 -> 0.39318182 | T8: =R8/N8 -> 0.19659091
C9: CASTELLÓN | D9: Benicarló | E9: 103 | F9: 3 | G9: 2 | H9: 0 | I9: 448 | J9: 2 o más personas | K9: 17920 | L9: 35840 | M9: =K9/12 -> 1493.3333 | N9: =L9/12 -> 2986.6667 | O9: =I9/M9 -> 0.3 | P9: =I9/N9 -> 0.15 | Q9: =IF(OR(E9="",F9=""),"",ROUND((Supuestos!$B$2+Supuestos!$B$3)*(Supuestos!$B$4+Supuestos!$B$5*E9/Supuestos!$B$6)*IFERROR(VLOOKUP(TRIM(C9),Supuestos!$A$17:$B$29,2,FALSE),IFERROR(VLOOKUP(TRIM(D9),Supuestos!$A$17:$B$29,2,FALSE),1))+Supuestos!$B$7*VLOOKUP(MIN(F9,4),Supuestos!$D$2:$E$5,2,TRUE)+Supuestos!$B$8,0)) -> 129 | R9: =Q9+I9 -> 577 | S9: =R9/M9 -> 0.38638393 | T9: =R9/N9 -> 0.19319196
C10: CASTELLÓN | D10: Benicarló | E10: 78 | F10: 3 | G10: 2 | H10: 0 | I10: 386 | J10: 2 o más personas | K10: 15440 | L10: 30880 | M10: =K10/12 -> 1286.6667 | N10: =L10/12 -> 2573.3333 | O10: =I10/M10 -> 0.3 | P10: =I10/N10 -> 0.15 | Q10: =IF(OR(E10="",F10=""),"",ROUND((Supuestos!$B$2+Supuestos!$B$3)*(Supuestos!$B$4+Supuestos!$B$5*E10/Supuestos!$B$6)*IFERROR(VLOOKUP(TRIM(C10),Supuestos!$A$17:$B$29,2,FALSE),IFERROR(VLOOKUP(TRIM(D10),Supuestos!$A$17:$B$29,2,FALSE),1))+Supuestos!$B$7*VLOOKUP(MIN(F10,4),Supuestos!$D$2:$E$5,2,TRUE)+Supuestos!$B$8,0)) -> 122 | R10: =Q10+I10 -> 508 | S10: =R10/M10 -> 0.39481865 | T10: =R10/N10 -> 0.19740933
C11: CASTELLÓN | D11: Benicarló | E11: 79 | F11: 3 | G11: 2 | H11: 0 | I11: 387 | J11: 2 o más personas | K11: 15480 | L11: 30960 | M11: =K11/12 -> 1290 | N11: =L11/12 -> 2580 | O11: =I11/M11 -> 0.3 | P11: =I11/N11 -> 0.15 | Q11: =IF(OR(E11="",F11=""),"",ROUND((Supuestos!$B$2+Supuestos!$B$3)*(Supuestos!$B$4+Supuestos!$B$5*E11/Supuestos!$B$6)*IFERROR(VLOOKUP(TRIM(C11),Supuestos!$A$17:$B$29,2,FALSE),IFERROR(VLOOKUP(TRIM(D11),Supuestos!$A$17:$B$29,2,FALSE),1))+Supuestos!$B$7*VLOOKUP(MIN(F11,4),Supuestos!$D$2:$E$5,2,TRUE)+Supuestos!$B$8,0)) -> 122 | R11: =Q11+I11 -> 509 | S11: =R11/M11 -> 0.39457364 | T11: =R11/N11 -> 0.19728682
C12: CASTELLÓN | D12: Benicarló | E12: 79 | F12: 3 | G12: 2 | H12: 0 | I12: 387 | J12: 2 o más personas | K12: 15480 | L12: 30960 | M12: =K12/12 -> 1290 | N12: =L12/12 -> 2580 | O12: =I12/M12 -> 0.3 | P12: =I12/N12 -> 0.15 | Q12: =IF(OR(E12="",F12=""),"",ROUND((Supuestos!$B$2+Supuestos!$B$3)*(Supuestos!$B$4+Supuestos!$B$5*E12/Supuestos!$B$6)*IFERROR(VLOOKUP(TRIM(C12),Supuestos!$A$17:$B$29,2,FALSE),IFERROR(VLOOKUP(TRIM(D12),Supuestos!$A$17:$B$29,2,FALSE),1))+Supuestos!$B$7*VLOOKUP(MIN(F12,4),Supuestos!$D$2:$E$5,2,TRUE)+Supuestos!$B$8,0)) -> 122 | R12: =Q12+I12 -> 509 | S12: =R12/M12 -> 0.39457364 | T12: =R12/N12 -> 0.19728682
C13: CASTELLÓN | D13: Benicarló | E13: 94 | F13: 3 | G13: 2 | H13: 0 | I13: 420 | J13: 2 o más personas | K13: 16800 | L13: 33600 | M13: =K13/12 -> 1400 | N13: =L13/12 -> 2800 | O13: =I13/M13 -> 0.3 | P13: =I13/N13 -> 0.15 | Q13: =IF(OR(E13="",F13=""),"",ROUND((Supuestos!$B$2+Supuestos!$B$3)*(Supuestos!$B$4+Supuestos!$B$5*E13/Supuestos!$B$6)*IFERROR(VLOOKUP(TRIM(C13),Supuestos!$A$17:$B$29,2,FALSE),IFERROR(VLOOKUP(TRIM(D13),Supuestos!$A$17:$B$29,2,FALSE),1))+Supuestos!$B$7*VLOOKUP(MIN(F13,4),Supuestos!$D$2:$E$5,2,TRUE)+Supuestos!$B$8,0)) -> 126 | R13: =Q13+I13 -> 546 | S13: =R13/M13 -> 0.39 | T13: =R13/N13 -> 0.195
... C189: Vic | D189: Barcelona | E189: 53 | F189: 1 | G189: 1 | H189: 0 | I189: 506 | J189: 1 o 2 personas | K189: 20240 | L189: 40480 | M189: =K189/12 -> 1686.6667 | N189: =L189/12 -> 3373.3333 | O189: =I189/M189 -> 0.3 | P189: =I189/N189 -> 0.15 | Q189: =IF(OR(E189="",F189=""),"",ROUND((Supuestos!$B$2+Supuestos!$B$3)*(Supuestos!$B$4+Supuestos!$B$5*E189/Supuestos!$B$6)*IFERROR(VLOOKUP(TRIM(C189),Supuestos!$A$17:$B$29,2,FALSE),IFERROR(VLOOKUP(TRIM(D189),Supuestos!$A$17:$B$29,2,FALSE),1))+Supuestos!$B$7*VLOOKUP(MIN(F189,4),Supuestos!$D$2:$E$5,2,TRUE)+Supuestos!$B$8,0)) -> 107 | R189: =Q189+I189 -> 613 | S189: =R189/M189 -> 0.36343874 | T189: =R189/N189 -> 0.18171937
C190: Vic | D190: Barcelona | E190: 74 | F190: 2 | G190: 2* | H190: 0 | I190: 563 | J190: de 1 a 4 personas | K190: 22520 | L190: 45040 | M190: =K190/12 -> 1876.6667 | N190: =L190/12 -> 3753.3333 | O190: =I190/M190 -> 0.3 | P190: =I190/N190 -> 0.15 | Q190: =IF(OR(E190="",F190=""),"",ROUND((Supuestos!$B$2+Supuestos!$B$3)*(Supuestos!$B$4+Supuestos!$B$5*E190/Supuestos!$B$6)*IFERROR(VLOOKUP(TRIM(C190),Supuestos!$A$17:$B$29,2,FALSE),IFERROR(VLOOKUP(TRIM(D190),Supuestos!$A$17:$B$29,2,FALSE),1))+Supuestos!$B$7*VLOOKUP(MIN(F190,4),Supuestos!$D$2:$E$5,2,TRUE)+Supuestos!$B$8,0)) -> 117 | R190: =Q190+I190 -> 680 | S190: =R190/M190 -> 0.36234458 | T190: =R190/N190 -> 0.18117229
C191: Vic | D191: Barcelona | E191: 71 | F191: 2 | G191: 1 | H191: 0 | I191: 555 | J191: de 1 a 4 personas | K191: 22200 | L191: 44400 | M191: =K191/12 -> 1850 | N191: =L191/12 -> 3700 | O191: =I191/M191 -> 0.3 | P191: =I191/N191 -> 0.15 | Q191: =IF(OR(E191="",F191=""),"",ROUND((Supuestos!$B$2+Supuestos!$B$3)*(Supuestos!$B$4+Supuestos!$B$5*E191/Supuestos!$B$6)*IFERROR(VLOOKUP(TRIM(C191),Supuestos!$A$17:$B$29,2,FALSE),IFERROR(VLOOKUP(TRIM(D191),Supuestos!$A$17:$B$29,2,FALSE),1))+Supuestos!$B$7*VLOOKUP(MIN(F191,4),Supuestos!$D$2:$E$5,2,TRUE)+Supuestos!$B$8,0)) -> 116 | R191: =Q191+I191 -> 671 | S191: =R191/M191 -> 0.3627027 | T191: =R191/N191 -> 0.18135135
C192: Vic | D192: Barcelona | E192: 70 | F192: 2 | G192: 1 | H192: 0 | I192: 553 | J192: de 1 a 4 personas | K192: 22120 | L192: 44240 | M192: =K192/12 -> 1843.3333 | N192: =L192/12 -> 3686.6667 | O192: =I192/M192 -> 0.3 | P192: =I192/N192 -> 0.15 | Q192: =IF(OR(E192="",F192=""),"",ROUND((Supuestos!$B$2+Supuestos!$B$3)*(Supuestos!$B$4+Supuestos!$B$5*E192/Supuestos!$B$6)*IFERROR(VLOOKUP(TRIM(C192),Supuestos!$A$17:$B$29,2,FALSE),IFERROR(VLOOKUP(TRIM(D192),Supuestos!$A$17:$B$29,2,FALSE),1))+Supuestos!$B$7*VLOOKUP(MIN(F192,4),Supuestos!$D$2:$E$5,2,TRUE)+Supuestos!$B$8,0)) -> 116 | R192: =Q192+I192 -> 669 | S192: =R192/M192 -> 0.36292948 | T192: =R192/N192 -> 0.18146474
C193: Vic | D193: Barcelona | E193: 77 | F193: 2 | G193: 2* | H193: 0 | I193: 571 | J193: de 1 a 4 personas | K193: 22840 | L193: 45680 | M193: =K193/12 -> 1903.3333 | N193: =L193/12 -> 3806.6667 | O193: =I193/M193 -> 0.3 | P193: =I193/N193 -> 0.15 | Q193: =IF(OR(E193="",F193=""),"",ROUND((Supuestos!$B$2+Supuestos!$B$3)*(Supuestos!$B$4+Supuestos!$B$5*E193/Supuestos!$B$6)*IFERROR(VLOOKUP(TRIM(C193),Supuestos!$A$17:$B$29,2,FALSE),IFERROR(VLOOKUP(TRIM(D193),Supuestos!$A$17:$B$29,2,FALSE),1))+Supuestos!$B$7*VLOOKUP(MIN(F193,4),Supuestos!$D$2:$E$5,2,TRUE)+Supuestos!$B$8,0)) -> 118 | R193: =Q193+I193 -> 689 | S193: =R193/M193 -> 0.3619965 | T193: =R193/N193 -> 0.18099825
C194: Vic | D194: Barcelona | E194: 74 | F194: 2 | G194: 1 | H194: 0 | I194: 563 | J194: de 1 a 4 personas | K194: 22520 | L194: 45040 | M194: =K194/12 -> 1876.6667 | N194: =L194/12 -> 3753.3333 | O194: =I194/M194 -> 0.3 | P194: =I194/N194 -> 0.15 | Q194: =IF(OR(E194="",F194=""),"",ROUND((Supuestos!$B$2+Supuestos!$B$3)*(Supuestos!$B$4+Supuestos!$B$5*E194/Supuestos!$B$6)*IFERROR(VLOOKUP(TRIM(C194),Supuestos!$A$17:$B$29,2,FALSE),IFERROR(VLOOKUP(TRIM(D194),Supuestos!$A$17:$B$29,2,FALSE),1))+Supuestos!$B$7*VLOOKUP(MIN(F194,4),Supuestos!$D$2:$E$5,2,TRUE)+Supuestos!$B$8,0)) -> 117 | R194: =Q194+I194 -> 680 | S194: =R194/M194 -> 0.36234458 | T194: =R194/N194 -> 0.18117229
C195: Vic | D195: Barcelona | E195: 71 | F195: 2 | G195: 1 | H195: 0 | I195: 555 | J195: de 1 a 4 personas | K195: 22200 | L195: 44400 | M195: =K195/12 -> 1850 | N195: =L195/12 -> 3700 | O195: =I195/M195 -> 0.3 | P195: =I195/N195 -> 0.15 | Q195: =IF(OR(E195="",F195=""),"",ROUND((Supuestos!$B$2+Supuestos!$B$3)*(Supuestos!$B$4+Supuestos!$B$5*E195/Supuestos!$B$6)*IFERROR(VLOOKUP(TRIM(C195),Supuestos!$A$17:$B$29,2,FALSE),IFERROR(VLOOKUP(TRIM(D195),Supuestos!$A$17:$B$29,2,FALSE),1))+Supuestos!$B$7*VLOOKUP(MIN(F195,4),Supuestos!$D$2:$E$5,2,TRUE)+Supuestos!$B$8,0)) -> 116 | R195: =Q195+I195 -> 671 | S195: =R195/M195 -> 0.3627027 | T195: =R195/N195 -> 0.18135135
C196: Vic | D196: Barcelona | E196: 70 | F196: 2 | G196: 1 | H196: 0 | I196: 553 | J196: de 1 a 4 personas | K196: 22120 | L196: 44240 | M196: =K196/12 -> 1843.3333 | N196: =L196/12 -> 3686.6667 | O196: =I196/M196 -> 0.3 | P196: =I196/N196 -> 0.15 | Q196: =IF(OR(E196="",F196=""),"",ROUND((Supuestos!$B$2+Supuestos!$B$3)*(Supuestos!$B$4+Supuestos!$B$5*E196/Supuestos!$B$6)*IFERROR(VLOOKUP(TRIM(C196),Supuestos!$A$17:$B$29,2,FALSE),IFERROR(VLOOKUP(TRIM(D196),Supuestos!$A$17:$B$29,2,FALSE),1))+Supuestos!$B$7*VLOOKUP(MIN(F196,4),Supuestos!$D$2:$E$5,2,TRUE)+Supuestos!$B$8,0)) -> 116 | R196: =Q196+I196 -> 669 | S196: =R196/M196 -> 0.36292948 | T196: =R196/N196 -> 0.18146474
C197: Vic | D197: Barcelona | E197: 76 | F197: 2 | G197: 2* | H197: 0 | I197: 568 | J197: de 1 a 4 personas | K197: 22720 | L197: 45440 | M197: =K197/12 -> 1893.3333 | N197: =L197/12 -> 3786.6667 | O197: =I197/M197 -> 0.3 | P197: =I197/N197 -> 0.15 | Q197: =IF(OR(E197="",F197=""),"",ROUND((Supuestos!$B$2+Supuestos!$B$3)*(Supuestos!$B$4+Supuestos!$B$5*E197/Supuestos!$B$6)*IFERROR(VLOOKUP(TRIM(C197),Supuestos!$A$17:$B$29,2,FALSE),IFERROR(VLOOKUP(TRIM(D197),Supuestos!$A$17:$B$29,2,FALSE),1))+Supuestos!$B$7*VLOOKUP(MIN(F197,4),Supuestos!$D$2:$E$5,2,TRUE)+Supuestos!$B$8,0)) -> 117 | R197: =Q197+I197 -> 685 | S197: =R197/M197 -> 0.36179577 | T197: =R197/N197 -> 0.18089789
C198: Vic | D198: Barcelona | E198: 104 | F198: 3 | G198: 2* | H198: 0 | I198: 685 | J198: 2 o más personas | K198: 27400 | L198: 54800 | M198: =K198/12 -> 2283.3333 | N198: =L198/12 -> 4566.6667 | O198: =I198/M198 -> 0.3 | P198: =I198/N198 -> 0.15 | Q198: =IF(OR(E198="",F198=""),"",ROUND((Supuestos!$B$2+Supuestos!$B$3)*(Supuestos!$B$4+Supuestos!$B$5*E198/Supuestos!$B$6)*IFERROR(VLOOKUP(TRIM(C198),Supuestos!$A$17:$B$29,2,FALSE),IFERROR(VLOOKUP(TRIM(D198),Supuestos!$A$17:$B$29,2,FALSE),1))+Supuestos!$B$7*VLOOKUP(MIN(F198,4),Supuestos!$D$2:$E$5,2,TRUE)+Supuestos!$B$8,0)) -> 129 | R198: =Q198+I198 -> 814 | S198: =R198/M198 -> 0.35649635 | T198: =R198/N198 -> 0.17824818
C199: Vic | D199: Barcelona | E199: 122 | F199: 2 | G199: 2 | H199: 0 | I199: 800 | J199: de 1 a 4 personas | K199: 32000 | L199: 64000 | M199: =K199/12 -> 2666.6667 | N199: =L199/12 -> 5333.3333 | O199: =I199/M199 -> 0.3 | P199: =I199/N199 -> 0.15 | Q199: =IF(OR(E199="",F199=""),"",ROUND((Supuestos!$B$2+Supuestos!$B$3)*(Supuestos!$B$4+Supuestos!$B$5*E199/Supuestos!$B$6)*IFERROR(VLOOKUP(TRIM(C199),Supuestos!$A$17:$B$29,2,FALSE),IFERROR(VLOOKUP(TRIM(D199),Supuestos!$A$17:$B$29,2,FALSE),1))+Supuestos!$B$7*VLOOKUP(MIN(F199,4),Supuestos!$D$2:$E$5,2,TRUE)+Supuestos!$B$8,0)) -> 130 | R199: =Q199+I199 -> 930 | S199: =R199/M199 -> 0.34875 | T199: =R199/N199 -> 0.174375
C200: Vic | D200: Barcelona | E200: 118 | F200: 3 | G200: 2 | H200: 0 | I200: 772 | J200: 2 o más personas | K200: 30880 | L200: 61760 | M200: =K200/12 -> 2573.3333 | N200: =L200/12 -> 5146.6667 | O200: =I200/M200 -> 0.3 | P200: =I200/N200 -> 0.15 | Q200: =IF(OR(E200="",F200=""),"",ROUND((Supuestos!$B$2+Supuestos!$B$3)*(Supuestos!$B$4+Supuestos!$B$5*E200/Supuestos!$B$6)*IFERROR(VLOOKUP(TRIM(C200),Supuestos!$A$17:$B$29,2,FALSE),IFERROR(VLOOKUP(TRIM(D200),Supuestos!$A$17:$B$29,2,FALSE),1))+Supuestos!$B$7*VLOOKUP(MIN(F200,4),Supuestos!$D$2:$E$5,2,TRUE)+Supuestos!$B$8,0)) -> 133 | R200: =Q200+I200 -> 905 | S200: =R200/M200 -> 0.35168394 | T200: =R200/N200 -> 0.17584197
C201: Vic | D201: Barcelona | E201: 109 | F201: 3 | G201: 2* | H201: 0 | I201: 714 | J201: 2 o más personas | K201: 28560 | L201: 57120 | M201: =K201/12 -> 2380 | N201: =L201/12 -> 4760 | O201: =I201/M201 -> 0.3 | P201: =I201/N201 -> 0.15 | Q201: =IF(OR(E201="",F201=""),"",ROUND((Supuestos!$B$2+Supuestos!$B$3)*(Supuestos!$B$4+Supuestos!$B$5*E201/Supuestos!$B$6)*IFERROR(VLOOKUP(TRIM(C201),Supuestos!$A$17:$B$29,2,FALSE),IFERROR(VLOOKUP(TRIM(D201),Supuestos!$A$17:$B$29,2,FALSE),1))+Supuestos!$B$7*VLOOKUP(MIN(F201,4),Supuestos!$D$2:$E$5,2,TRUE)+Supuestos!$B$8,0)) -> 131 | R201: =Q201+I201 -> 845 | S201: =R201/M201 -> 0.35504202 | T201: =R201/N201 -> 0.17752101
C202: Vidreres | D202: Girona | E202: 128 | F202: 3 | G202: 0 | H202: 0 | I202: 1012 | J202: 2 o más personas | K202: 40480 | L202: 80960 | M202: =K202/12 -> 3373.3333 | N202: =L202/12 -> 6746.6667 | O202: =I202/M202 -> 0.3 | P202: =I202/N202 -> 0.15 | Q202: =IF(OR(E202="",F202=""),"",ROUND((Supuestos!$B$2+Supuestos!$B$3)*(Supuestos!$B$4+Supuestos!$B$5*E202/Supuestos!$B$6)*IFERROR(VLOOKUP(TRIM(C202),Supuestos!$A$17:$B$29,2,FALSE),IFERROR(VLOOKUP(TRIM(D202),Supuestos!$A$17:$B$29,2,FALSE),1))+Supuestos!$B$7*VLOOKUP(MIN(F202,4),Supuestos!$D$2:$E$5,2,TRUE)+Supuestos!$B$8,0)) -> 136 | R202: =Q202+I202 -> 1148 | S202: =R202/M202 -> 0.34031621 | T202: =R202/N202 -> 0.1701581
C203: Vidreres | D203: Girona | E203: 115 | F203: 3 | G203: 0 | H203: 0 | I203: 903 | J203: 2 o más personas | K203: 36120 | L203: 72240 | M203: =K203/12 -> 3010 | N203: =L203/12 -> 6020 | O203: =I203/M203 -> 0.3 | P203: =I203/N203 -> 0.15 | Q203: =IF(OR(E203="",F203=""),"",ROUND((Supuestos!$B$2+Supuestos!$B$3)*(Supuestos!$B$4+Supuestos!$B$5*E203/Supuestos!$B$6)*IFERROR(VLOOKUP(TRIM(C203),Supuestos!$A$17:$B$29,2,FALSE),IFERROR(VLOOKUP(TRIM(D203),Supuestos!$A$17:$B$29,2,FALSE),1))+Supuestos!$B$7*VLOOKUP(MIN(F203,4),Supuestos!$D$2:$E$5,2,TRUE)+Supuestos!$B$8,0)) -> 132 | R203: =Q203+I203 -> 1035 | S203: =R203/M203 -> 0.34385382 | T203: =R203/N203 -> 0.17192691
C204: Vidreres | D204: Girona | E204: 115 | F204: 3 | G204: 0 | H204: 0 | I204: 903 | J204: 2 o más personas | K204: 36120 | L204: 72240 | M204: =K204/12 -> 3010 | N204: =L204/12 -> 6020 | O204: =I204/M204 -> 0.3 | P204: =I204/N204 -> 0.15 | Q204: =IF(OR(E204="",F204=""),"",ROUND((Supuestos!$B$2+Supuestos!$B$3)*(Supuestos!$B$4+Supuestos!$B$5*E204/Supuestos!$B$6)*IFERROR(VLOOKUP(TRIM(C204),Supuestos!$A$17:$B$29,2,FALSE),IFERROR(VLOOKUP(TRIM(D204),Supuestos!$A$17:$B$29,2,FALSE),1))+Supuestos!$B$7*VLOOKUP(MIN(F204,4),Supuestos!$D$2:$E$5,2,TRUE)+Supuestos!$B$8,0)) -> 132 | R204: =Q204+I204 -> 1035 | S204: =R204/M204 -> 0.34385382 | T204: =R204/N204 -> 0.17192691
C205: Vidreres | D205: Girona | E205: 115 | F205: 3 | G205: 0 | H205: 0 | I205: 903 | J205: 2 o más personas | K205: 36120 | L205: 72240 | M205: =K205/12 -> 3010 | N205: =L205/12 -> 6020 | O205: =I205/M205 -> 0.3 | P205: =I205/N205 -> 0.15 | Q205: =IF(OR(E205="",F205=""),"",ROUND((Supuestos!$B$2+Supuestos!$B$3)*(Supuestos!$B$4+Supuestos!$B$5*E205/Supuestos!$B$6)*IFERROR(VLOOKUP(TRIM(C205),Supuestos!$A$17:$B$29,2,FALSE),IFERROR(VLOOKUP(TRIM(D205),Supuestos!$A$17:$B$29,2,FALSE),1))+Supuestos!$B$7*VLOOKUP(MIN(F205,4),Supuestos!$D$2:$E$5,2,TRUE)+Supuestos!$B$8,0)) -> 132 | R205: =Q205+I205 -> 1035 | S205: =R205/M205 -> 0.34385382 | T205: =R205/N205 -> 0.17192691
C206: Vidreres | D206: Girona | E206: 120 | F206: 3 | G206: 0 | H206: 0 | I206: 943 | J206: 2 o más personas | K206: 37720 | L206: 75440 | M206: =K206/12 -> 3143.3333 | N206: =L206/12 -> 6286.6667 | O206: =I206/M206 -> 0.3 | P206: =I206/N206 -> 0.15 | Q206: =IF(OR(E206="",F206=""),"",ROUND((Supuestos!$B$2+Supuestos!$B$3)*(Supuestos!$B$4+Supuestos!$B$5*E206/Supuestos!$B$6)*IFERROR(VLOOKUP(TRIM(C206),Supuestos!$A$17:$B$29,2,FALSE),IFERROR(VLOOKUP(TRIM(D206),Supuestos!$A$17:$B$29,2,FALSE),1))+Supuestos!$B$7*VLOOKUP(MIN(F206,4),Supuestos!$D$2:$E$5,2,TRUE)+Supuestos!$B$8,0)) -> 134 | R206: =Q206+I206 -> 1077 | S206: =R206/M206 -> 0.3426299 | T206: =R206/N206 -> 0.17131495
C207: Lleida | D207: Lleida | E207: 81 | F207: 2 | G207: 0 | H207: 0 | I207: 636 | J207: de 1 a 4 personas | K207: 25440 | L207: 50880 | M207: =K207/12 -> 2120 | N207: =L207/12 -> 4240 | O207: =I207/M207 -> 0.3 | P207: =I207/N207 -> 0.15 | Q207: =IF(OR(E207="",F207=""),"",ROUND((Supuestos!$B$2+Supuestos!$B$3)*(Supuestos!$B$4+Supuestos!$B$5*E207/Supuestos!$B$6)*IFERROR(VLOOKUP(TRIM(C207),Supuestos!$A$17:$B$29,2,FALSE),IFERROR(VLOOKUP(TRIM(D207),Supuestos!$A$17:$B$29,2,FALSE),1))+Supuestos!$B$7*VLOOKUP(MIN(F207,4),Supuestos!$D$2:$E$5,2,TRUE)+Supuestos!$B$8,0)) -> 132 | R207: =Q207+I207 -> 768 | S207: =R207/M207 -> 0.36226415 | T207: =R207/N207 -> 0.18113208
C208: Lleida | D208: Lleida | E208: 64 | F208: 2 | G208: 0 | H208: 0 | I208: 513 | J208: de 1 a 4 personas | K208: 20520 | L208: 41040 | M208: =K208/12 -> 1710 | N208: =L208/12 -> 3420 | O208: =I208/M208 -> 0.3 | P208: =I208/N208 -> 0.15 | Q208: =IF(OR(E208="",F208=""),"",ROUND((Supuestos!$B$2+Supuestos!$B$3)*(Supuestos!$B$4+Supuestos!$B$5*E208/Supuestos!$B$6)*IFERROR(VLOOKUP(TRIM(C208),Supuestos!$A$17:$B$29,2,FALSE),IFERROR(VLOOKUP(TRIM(D208),Supuestos!$A$17:$B$29,2,FALSE),1))+Supuestos!$B$7*VLOOKUP(MIN(F208,4),Supuestos!$D$2:$E$5,2,TRUE)+Supuestos!$B$8,0)) -> 127 | R208: =Q208+I208 -> 640 | S208: =R208/M208 -> 0.37426901 | T208: =R208/N208 -> 0.1871345
C209: Lleida | D209: Lleida | E209: 64 | F209: 2 | G209: 0 | H209: 0 | I209: 513 | J209: de 1 a 4 personas | K209: 20520 | L209: 41040 | M209: =K209/12 -> 1710 | N209: =L209/12 -> 3420 | O209: =I209/M209 -> 0.3 | P209: =I209/N209 -> 0.15 | Q209: =IF(OR(E209="",F209=""),"",ROUND((Supuestos!$B$2+Supuestos!$B$3)*(Supuestos!$B$4+Supuestos!$B$5*E209/Supuestos!$B$6)*IFERROR(VLOOKUP(TRIM(C209),Supuestos!$A$17:$B$29,2,FALSE),IFERROR(VLOOKUP(TRIM(D209),Supuestos!$A$17:$B$29,2,FALSE),1))+Supuestos!$B$7*VLOOKUP(MIN(F209,4),Supuestos!$D$2:$E$5,2,TRUE)+Supuestos!$B$8,0)) -> 127 | R209: =Q209+I209 -> 640 | S209: =R209/M209 -> 0.37426901 | T209: =R209/N209 -> 0.1871345
C210: Lleida | D210: Lleida | E210: 84 | F210: 2 | G210: 0 | H210: 0 | I210: 646 | J210: de 1 a 4 personas | K210: 25840 | L210: 51680 | M210: =K210/12 -> 2153.3333 | N210: =L210/12 -> 4306.6667 | O210: =I210/M210 -> 0.3 | P210: =I210/N210 -> 0.15 | Q210: =IF(OR(E210="",F210=""),"",ROUND((Supuestos!$B$2+Supuestos!$B$3)*(Supuestos!$B$4+Supuestos!$B$5*E210/Supuestos!$B$6)*IFERROR(VLOOKUP(TRIM(C210),Supuestos!$A$17:$B$29,2,FALSE),IFERROR(VLOOKUP(TRIM(D210),Supuestos!$A$17:$B$29,2,FALSE),1))+Supuestos!$B$7*VLOOKUP(MIN(F210,4),Supuestos!$D$2:$E$5,2,TRUE)+Supuestos!$B$8,0)) -> 133 | R210: =Q210+I210 -> 779 | S210: =R210/M210 -> 0.36176471 | T210: =R210/N210 -> 0.18088235
C211: Lleida | D211: Lleida | E211: 77 | F211: 2 | G211: 0 | H211: 0 | I211: 618 | J211: de 1 a 4 personas | K211: 24720 | L211: 49440 | M211: =K211/12 -> 2060 | N211: =L211/12 -> 4120 | O211: =I211/M211 -> 0.3 | P211: =I211/N211 -> 0.15 | Q211: =IF(OR(E211="",F211=""),"",ROUND((Supuestos!$B$2+Supuestos!$B$3)*(Supuestos!$B$4+Supuestos!$B$5*E211/Supuestos!$B$6)*IFERROR(VLOOKUP(TRIM(C211),Supuestos!$A$17:$B$29,2,FALSE),IFERROR(VLOOKUP(TRIM(D211),Supuestos!$A$17:$B$29,2,FALSE),1))+Supuestos!$B$7*VLOOKUP(MIN(F211,4),Supuestos!$D$2:$E$5,2,TRUE)+Supuestos!$B$8,0)) -> 131 | R211: =Q211+I211 -> 749 | S211: =R211/M211 -> 0.36359223 | T211: =R211/N211 -> 0.18179612
C212: Lleida | D212: Lleida | E212: 77 | F212: 2 | G212: 0 | H212: 0 | I212: 618 | J212: de 1 a 4 personas | K212: 24720 | L212: 49440 | M212: =K212/12 -> 2060 | N212: =L212/12 -> 4120 | O212: =I212/M212 -> 0.3 | P212: =I212/N212 -> 0.15 | Q212: =IF(OR(E212="",F212=""),"",ROUND((Supuestos!$B$2+Supuestos!$B$3)*(Supuestos!$B$4+Supuestos!$B$5*E212/Supuestos!$B$6)*IFERROR(VLOOKUP(TRIM(C212),Supuestos!$A$17:$B$29,2,FALSE),IFERROR(VLOOKUP(TRIM(D212),Supuestos!$A$17:$B$29,2,FALSE),1))+Supuestos!$B$7*VLOOKUP(MIN(F212,4),Supuestos!$D$2:$E$5,2,TRUE)+Supuestos!$B$8,0)) -> 131 | R212: =Q212+I212 -> 749 | S212: =R212/M212 -> 0.36359223 | T212: =R212/N212 -> 0.18179612
C213: Lleida | D213: Lleida | E213: 53 | F213: 2 | G213: 0 | H213: 0 | I213: 425 | J213: de 1 a 4 personas | K213: 17000 | L213: 34000 | M213: =K213/12 -> 1416.6667 | N213: =L213/12 -> 2833.3333 | O213: =I213/M213 -> 0.3 | P213: =I213/N213 -> 0.15 | Q213: =IF(OR(E213="",F213=""),"",ROUND((Supuestos!$B$2+Supuestos!$B$3)*(Supuestos!$B$4+Supuestos!$B$5*E213/Supuestos!$B$6)*IFERROR(VLOOKUP(TRIM(C213),Supuestos!$A$17:$B$29,2,FALSE),IFERROR(VLOOKUP(TRIM(D213),Supuestos!$A$17:$B$29,2,FALSE),1))+Supuestos!$B$7*VLOOKUP(MIN(F213,4),Supuestos!$D$2:$E$5,2,TRUE)+Supuestos!$B$8,0)) -> 123 | R213: =Q213+I213 -> 548 | S213: =R213/M213 -> 0.38682353 | T213: =R213/N213 -> 0.19341176
... C646: Lugo | D646: Lugo | E646: 162 | F646: 4 | G646: 3 | H646: 1 | I646: 705 | J646: 3 o más personas | K646: 28200 | L646: 56400 | M646: =K646/12 -> 2350 | N646: =L646/12 -> 4700 | O646: =I646/M646 -> 0.3 | P646: =I646/N646 -> 0.15 | Q646: =IF(OR(E646="",F646=""),"",ROUND((Supuestos!$B$2+Supuestos!$B$3)*(Supuestos!$B$4+Supuestos!$B$5*E646/Supuestos!$B$6)*IFERROR(VLOOKUP(TRIM(C646),Supuestos!$A$17:$B$29,2,FALSE),IFERROR(VLOOKUP(TRIM(D646),Supuestos!$A$17:$B$29,2,FALSE),1))+Supuestos!$B$7*VLOOKUP(MIN(F646,4),Supuestos!$D$2:$E$5,2,TRUE)+Supuestos!$B$8,0)) -> 159 | R646: =Q646+I646 -> 864 | S646: =R646/M646 -> 0.36765957 | T646: =R646/N646 -> 0.18382979

Sheet Supuestos
A1: SUPUESTOS PARA ESTIMACIÓN DE SUMINISTROS | D1: Dormitorios | E1: Personas estimadas
A2: Electricidad base hogar (€/mes) | B2: 47.8 | C2: CNMC, Panel de Hogares 2T 2024: gasto medio mensual de electricidad. | D2: 1 | E2: 1.5
A3: Ajuste energía térmica / ACS (€/mes) | B3: 20 | C3: Supuesto central del modelo para cubrir calefacción/ACS u otra energía no recogida en la factura eléctrica base. | D3: 2 | E3: 2
A4: Peso fijo del gasto energético | B4: 0.65 | C4: Supuesto del modelo. | D4: 3 | E4: 2.5
A5: Peso variable por superficie | B5: 0.35 | C5: Supuesto del modelo. | D5: 4 | E5: 3
A6: Superficie de referencia (m²) | B6: 80 | C6: Supuesto del modelo; próximo a la superficie típica de la muestra.
A7: Agua (€/persona/mes) | B7: =128*365/1000*2.02/12 -> 7.8645333 | C7: INE 2024: 128 litros/persona/día y coste unitario 2,02 €/m³.
A8: Telecomunicaciones (€/hogar/mes) | B8: 38.3 | C8: CNMC, 2025: gasto medio mensual del paquete cuádruple.
A10: Fuentes
A11: CNMC electricidad | B11: https://www.cnmc.es/prensa/panel-hogares-servicios-electricidad-gas-20241205
A12: INE agua | B12: https://www.ine.es/dyngs/Prensa/ESSA2024.htm
A13: CNMC telecomunicaciones | B13: https://www.cnmc.es/prensa/panel-hogares-teleco-20260619
A14: IDAE zonas climáticas | B14: https://informesweb.idae.es/descargas/20260123_SPAHOUSEC_III.pdf
A16: Clave territorial | B16: Factor climático | C16: Zona IDAE
A17: CASTELLÓN | B17: 0.95 | C17: Mediterránea
A18: ALICANTE | B18: 0.95 | C18: Mediterránea
A19: VALENCIA | B19: 0.95 | C19: Mediterránea
A20: Barcelona | B20: 0.95 | C20: Mediterránea
A21: Girona | B21: 0.95 | C21: Mediterránea
A22: Tarragona | B22: 0.95 | C22: Mediterránea
A23: Mafumet, La | B23: 0.95 | C23: Mediterránea
A24: ASTURIAS | B24: 1.05 | C24: Atlántico-Norte
A25: A Coruña | B25: 1.05 | C25: Atlántico-Norte
A26: Lugo | B26: 1.05 | C26: Atlántico-Norte
A27: Pontevedra | B27: 1.05 | C27: Atlántico-Norte
A28: NAVARRA | B28: 1.15 | C28: Continental
A29: Lleida | B29: 1.15 | C29: Continental
A32: Metodología
A33: Estimación mensual = energía ajustada por superficie y zona climática + agua según ocupación estimada + telecomunicaciones.
A34: No incluye gastos ordinarios de comunidad, IBI, derramas ni tasa de residuos.
A35: Es una estimación central orientativa, no una previsión de factura ni el valor utilizado por Casa 47.
